Map: Winter Madness LE

Players

Reynor

  • Race: Zerg Zerg

herO - Winner!

  • Race: Protoss Protoss

VOD

Have the link to the VOD?

Description

Time

  • Played on: Jan. 18, 2026, 2:12 a.m.
  • Length: 15:31
Show
View Real Time Build Order
Export as new Build Order

Reynor Zerg 

Build Orders: Hatch First, Lurkers 

Get SALT Encoding   

  12  0:00  Drone  
  13  0:08  Drone  
  14  0:14  Extractor, Drone  
  15  0:21  Overlord  
  15  0:40  Drone  
  16  0:45  Hatchery  
  16  0:49  Drone  
  16  0:53  Drone  
  16  0:56  Drone  
  18  1:07  Extractor  
  17  1:11  Spawning Pool  
  17  1:14  Drone  
  17  1:18  Drone  
  18  1:28  Drone  
  19  1:38  Drone  
  20  1:48  Drone  
  21  1:58  Queen x2  
  21  1:59  Zergling x2  
  26  2:03  Overlord  
  26  2:09  Drone  
  26  2:10  Drone  
  26  2:14  Metabolic Boost  
  28  2:21  Drone x2  
  30  2:29  Drone  
  31  2:30  Drone  
  31  2:33  Queen  
  34  2:47  Hatchery  
  34  2:48  Zergling x2  
  34  2:52  Overlord  
  34  2:56  Zergling x2  
  34  2:57  Drone  
  35  3:07  Overlord  
  35  3:10  Queen  
  35  3:12  Drone x2  
  39  3:14  Drone  
  39  3:15  Drone  
  39  3:17  Zergling x2  
  42  3:22  Zergling x2  
  42  3:24  Overlord  
  43  3:29  Queen  
  43  3:32  Drone  
  46  3:34  Drone  
  46  3:40  Zergling x2  
  48  3:42  Drone  
  48  3:43  Drone  
  48  3:46  Zergling x6  
  53  3:51  Zergling x2  
  53  3:52  Drone  
  53  3:55  Overlord  
  54  4:02  Drone  
  57  4:06  Drone  
  57  4:07  Spore Crawler  
  57  4:12  Drone x3  
  57  4:14  Drone x3  
  63  4:18  Overlord  
  63  4:20  Drone  
  63  4:22  Lair  
  63  4:23  Drone  
  63  4:27  Drone, Roach Warren  
  63  4:29  Drone  
  63  4:30  Drone  
  65  4:32  Drone  
  65  4:34  Overlord  
  65  4:36  Drone  
  67  4:40  Drone  
  67  4:42  Drone x2  
  70  4:46  Drone x2, Overlord  
  70  4:48  Extractor  
  70  4:49  Extractor  
  70  4:56  Drone x2  
  71  5:00  Drone x2  
  71  5:02  Overlord  
  71  5:03  Hatchery, Drone x2  
  71  5:06  Drone  
  75  5:09  Drone x2  
  75  5:11  Overlord  
  75  5:13  Drone  
  75  5:14  Drone x2  
  80  5:18  Drone  
  80  5:21  Extractor  
  80  5:23  Hydralisk Den  
  80  5:24  Spore Crawler, Drone  
  80  5:25  Drone x2  
  80  5:30  Zergling x10  
  80  5:32  Zergling x2  
  86  5:37  Zergling x4  
  86  5:38  Zergling x2  
  89  5:43  Zergling x6, Extractor  
  89  5:46  Overlord  
  89  5:47  Evolution Chamber  
  89  5:49  Zergling x2  
  91  5:52  Drone  
  91  5:53  Muscular Augments  
  91  5:55  Overlord  
  91  5:56  Hydralisk  
  91  5:57  Hydralisk x2  
  91  6:02  Baneling Nest, Drone  
  91  6:03  Overlord  
  96  6:08  Hydralisk  
  96  6:09  Hydralisk  
  99  6:13  Zerg Missile Weapons Level 1  
  99  6:14  Infestation Pit, Drone  
  99  6:17  Drone x2, Hydralisk  
  99  6:18  Zergling x4  
  105  6:19  Drone  
  105  6:21  Drone x3  
  105  6:24  Drone  
  105  6:25  Drone x2  
  111  6:27  Hydralisk x2  
  111  6:29  Drone  
  111  6:31  Overlord  
  116  6:33  Overseer  
  116  6:36  Hydralisk  
  116  6:38  Hydralisk  
  120  6:41  Hydralisk  
  120  6:42  Zergling x2  
  120  6:43  Hydralisk  
  120  6:44  Zergling x4  
  123  6:51  Hydralisk x2  
  123  6:52  Zergling x8  
  123  6:54  Zergling x2  
  102  7:03  Zergling x6  
  102  7:04  Zergling x8  
  100  7:09  Drone, Hive  
  100  7:11  Drone  
  100  7:13  Drone x2, Extractor  
  100  7:14  Spore Crawler  
  101  7:16  Hydralisk  
  101  7:17  Hydralisk  
  101  7:19  Zergling x8  
  101  7:20  Zergling x2  
  104  7:23  Zergling x6  
  104  7:26  Hydralisk  
  104  7:27  Zergling x2  
  102  7:30  Drone x2  
  102  7:31  Drone  
  102  7:35  Drone, Evolution Chamber  
  102  7:36  Queen  
  102  7:37  Queen  
  107  7:39  Drone x2  
  107  7:44  Drone, Lurker Den  
  111  7:45  Drone  
  111  7:46  Drone  
  111  7:49  Hydralisk x2  
  111  7:50  Zergling x4  
  118  7:52  Drone x2  
  118  7:56  Grooved Spines  
  120  8:00  Spore Crawler, Zerg Melee Weapons Level 1  
  120  8:02  Drone  
  120  8:03  Drone  
  120  8:04  Queen  
  120  8:05  Extractor x2  
  122  8:07  Zerg Missile Weapons Level 2  
  122  8:10  Hydralisk  
  123  8:13  Overlord x2  
  123  8:17  Baneling x4  
  123  8:22  Baneling x3  
  123  8:24  Drone x3  
  123  8:26  Zergling x10  
  131  8:28  Spine Crawler  
  131  8:29  Overlord  
  130  8:34  Drone  
  130  8:36  Hydralisk x2  
  130  8:37  Zergling x8  
  130  8:39  Baneling x4  
  139  8:43  Lurker  
  139  8:44  Lurker, Overlord  
  139  8:47  Overseer  
  139  8:48  Queen  
  143  8:50  Drone  
  143  8:54  Seismic Spines  
  143  8:55  Zergling x12  
  149  8:56  Zergling x2  
  151  9:03  Adrenal Glands  
  151  9:09  Zergling x18  
  159  9:11  Centrifugal Hooks  
  159  9:12  Lurker  
  159  9:15  Lurker  
  161  9:17  Overlord  
  161  9:21  Baneling, Lurker  
  161  9:23  Zergling x8  
  166  9:30  Overlord  
  166  9:33  Lurker x2  
  166  9:35  Zergling x4  
  166  9:36  Zergling x2, Hatchery  
  166  9:37  Zergling x10  
  176  9:45  Zergling x2  
  176  9:47  Overlord  
  176  9:49  Hydralisk x2  
  176  9:50  Hydralisk x2  
  176  9:51  Adaptive Talons  
  184  9:58  Hydralisk  
  184  10:00  Overlord  
  180  10:07  Queen  
  180  10:09  Hydralisk x2  
  180  10:10  Zergling x10  
  180  10:11  Zergling x8  
  180  10:13  Zerg Melee Weapons Level 2  
  190  10:19  Hydralisk x2  
  190  10:20  Zergling x6  
  175  10:23  Lurker x3  
  175  10:25  Zergling x6  
  175  10:26  Lurker  
  170  10:32  Hydralisk  
  170  10:33  Zergling x2  
  170  10:35  Hydralisk, Zergling x2  
  165  10:42  Hydralisk  
  160  10:47  Hydralisk x2  
  160  10:48  Zergling x8  
  144  10:52  Unknown  
  144  10:53  Hydralisk  
  144  10:55  Lurker x2  
  144  10:58  Hydralisk, Zergling x6  
  144  11:00  Spine Crawler, Baneling  
  144  11:01  Spine Crawler  
  147  11:06  Hydralisk x2  
  147  11:07  Zergling x4  
  147  11:08  Lurker x2  
  147  11:10  Zergling x4  
  154  11:13  Hatchery  
  154  11:14  Zergling x6  
  154  11:17  Lurker  
  154  11:18  Hatchery  
  156  11:21  Baneling x3  
  156  11:23  Hydralisk x2  
  156  11:24  Zergling x4  
  162  11:25  Hydralisk  
  162  11:31  Hydralisk  
  162  11:32  Hydralisk, Zergling x16  
  169  11:35  Lurker  
  169  11:37  Zergling x4  
  162  11:49  Hydralisk  
  162  11:50  Zergling x4  
  162  11:52  Hydralisk, Zergling x4  
  154  11:55  Hydralisk x3  
  154  11:59  Hydralisk  
  141  12:04  Hydralisk  
  141  12:06  Hydralisk x2  
  127  12:11  Lurker x3  
  127  12:13  Zergling x8  
  132  12:16  Hydralisk  
  132  12:17  Spine Crawler, Zergling x2  
  132  12:20  Lurker  
  132  12:21  Spine Crawler  
  132  12:22  Zergling x4  
  134  12:25  Lurker  
  134  12:28  Drone x2  
  137  12:30  Queen  
  137  12:31  Lurker  
  137  12:32  Lurker  
  137  12:33  Zergling x6  
  137  12:37  Hydralisk x2, Zergling x2  
  144  12:38  Zergling x12  
  144  12:40  Overlord  
  144  12:42  Hydralisk  
  157  12:47  Hydralisk x2  
  140  13:00  Zergling x14  
  140  13:01  Overseer  
  140  13:03  Zergling x2  
  136  13:07  Hydralisk  
  129  13:16  Hydralisk x2  
  129  13:29  Hydralisk x2  
  123  13:49  Hatchery  
  123  13:52  Viper x2  
  123  13:55  Hydralisk x4  
  125  13:58  Hatchery  
  131  14:02  Hydralisk  
  131  14:03  Hydralisk  
  131  14:06  Hydralisk  
  136  14:12  Lurker x2  
  136  14:13  Hydralisk  
  136  14:14  Zergling x2  
  138  14:20  Zergling x6  
  140  14:25  Overseer x2  
  138  14:40  Hydralisk  
  138  14:41  Zergling x16  
  143  14:46  Hydralisk  
  143  14:47  Zergling x2  
  140  14:55  Hydralisk x2  
  140  14:56  Zergling x2  
  140  14:57  Overseer x3  
  140  14:58  Hydralisk  
  140  15:04  Hydralisk  
  128  15:07  Hydralisk  
Show
View Real Time Build Order
Export as new Build Order

herO Protoss - Winner!

Build Orders: 1 Gate Expand, Oracle Opening 

Get SALT Encoding   

  12  0:00  Probe  
  13  0:12  Probe  
  14  0:18  Pylon  
  14  0:23  Probe  
  15  0:32  Probe  
  15  0:38  Gateway  
  15  0:40  Probe  
  16  0:46  Assimilator  
  17  0:51  Probe  
  18  1:03  Probe  
  19  1:16  Probe  
  20  1:24  Nexus  
  20  1:34  Cybernetics Core  
  20  1:36  Probe  
  21  1:42  Assimilator  
  21  1:48  Probe  
  21  1:53  Pylon  
  22  1:59  Probe  
  22  2:01  Adept  
  23  2:07  Probe  
  23  2:15  Probe, Stargate  
  27  2:24  Warp Gate  
  27  2:27  Probe  
  28  2:31  Adept  
  28  2:32  Probe  
  31  2:39  Probe  
  31  2:40  Probe  
  32  2:50  Probe  
  33  2:51  Probe  
  33  2:56  Void Ray  
  35  3:02  Probe  
  35  3:04  Probe  
  41  3:14  Pylon  
  41  3:15  Probe  
  41  3:16  Probe  
  43  3:22  Gateway, Adept  
  43  3:23  Oracle  
  45  3:29  Probe  
  45  3:32  Probe  
  50  3:48  Nexus  
  50  3:50  Probe x2  
  49  3:56  Pylon  
  49  4:02  Probe x2  
  51  4:08  Assimilator  
  51  4:13  Adept  
  51  4:14  Probe  
  51  4:15  Probe  
  55  4:17  Twilight Council  
  55  4:18  Forge  
  55  4:26  Assimilator, Probe  
  56  4:32  Gateway  
  56  4:33  Gateway  
  56  4:34  Protoss Ground Weapons Level 1  
  56  4:35  Pylon  
  56  4:39  Probe  
  56  4:41  Charge  
  57  4:50  Stalker x2  
  61  4:54  Gateway  
  61  4:56  Gateway  
  61  5:07  Gateway  
  61  5:08  Probe  
  61  5:10  Gateway  
  62  5:16  Probe  
  62  5:20  Stalker x2  
  67  5:26  Probe  
  68  5:28  Gateway  
  68  5:37  Pylon  
  68  5:38  Probe  
  68  5:39  Gateway  
  68  5:40  Zealot x2  
  73  5:43  Zealot  
  73  5:47  Zealot  
  77  5:50  Probe  
  77  5:52  Zealot x2  
  77  5:53  Pylon  
  82  5:57  Assimilator  
  82  6:02  Probe  
  83  6:07  Zealot x4  
  83  6:08  Protoss Ground Weapons Level 2  
  91  6:13  Zealot x3  
  91  6:14  Zealot, Probe  
  100  6:21  Blink, Assimilator  
  100  6:32  Pylon x2  
  100  6:33  Pylon  
  100  6:35  Probe  
  100  6:36  Pylon  
  101  6:44  Probe  
  101  6:46  Probe  
  101  6:50  Probe  
  101  6:51  Zealot x6  
  108  6:55  Zealot  
  108  6:56  Zealot  
  108  7:00  Zealot  
  98  7:02  Probe x2  
  92  7:09  Probe  
  92  7:10  Assimilator  
  92  7:14  Probe x2  
  91  7:16  Templar Archives  
  91  7:21  Probe  
  90  7:26  Probe  
  90  7:27  Zealot x7  
  89  7:33  Stalker x2  
  87  7:41  Probe x2  
  87  7:42  Probe  
  90  7:49  Stalker  
  92  7:53  Stalker x5  
  92  7:56  Psionic Storm  
  102  7:59  Stalker x2  
  102  8:03  Shield Battery  
  102  8:05  Stalker  
  108  8:22  High Templar  
  108  8:24  Photon Cannon  
  108  8:25  Photon Cannon  
  110  8:27  High Templar  
  110  8:28  Zealot x4  
  120  8:37  Probe  
  121  8:43  Zealot x2  
  121  8:44  Nexus  
  121  8:48  Pylon  
  125  8:50  Protoss Ground Weapons Level 3  
  125  8:51  High Templar x2, Pylon  
  125  8:52  Zealot  
  131  8:56  Photon Cannon  
  131  8:58  Shield Battery  
  131  9:01  Pylon  
  131  9:02  Zealot  
  133  9:11  Zealot  
  133  9:12  Zealot  
  133  9:13  Probe  
  138  9:18  Photon Cannon  
  138  9:21  Photon Cannon  
  138  9:26  High Templar x2  
  138  9:29  Photon Cannon  
  142  9:34  Assimilator  
  142  9:36  Assimilator  
  142  9:38  Probe x3  
  145  9:39  Shield Battery  
  145  9:46  High Templar x2  
  145  9:47  Zealot x3  
  145  9:51  Archon  
  155  10:03  Oracle  
  155  10:05  Zealot x4  
  162  10:18  Fleet Beacon  
  154  10:25  High Templar x2, Zealot x3  
  154  10:26  Zealot x4  
  147  10:42  Oracle  
  147  10:46  Mothership  
  147  10:48  Archon  
  147  10:49  Archon  
  141  10:53  Zealot  
  141  10:54  Zealot x5, High Templar  
  149  11:09  High Templar  
  149  11:11  Zealot  
  149  11:12  Shield Battery  
  149  11:14  High Templar, Zealot x5, Tempest  
  163  11:24  Protoss Shields Level 1  
  163  11:32  Zealot x2  
  149  11:40  Archon  
  149  11:44  High Templar x2  
  149  11:46  Zealot x5  
  163  11:48  Tempest  
  163  11:50  Archon x2  
  151  12:01  Zealot x2  
  149  12:11  Probe  
  149  12:12  Probe  
  149  12:13  Probe x2  
  153  12:18  Nexus  
  153  12:19  High Templar x3  
  159  12:23  High Templar, Zealot x4  
  159  12:24  Zealot, Archon  
  159  12:28  Archon  
  171  12:32  Pylon  
  171  12:34  Pylon, Photon Cannon  
  171  12:38  Photon Cannon  
  171  12:54  Tempest  
  100  13:10  Zealot x9  
  122  13:17  Stargate  
  122  13:18  Stargate  
  122  13:30  Tempest, Zealot x4  
  122  13:31  Zealot x5  
  126  13:50  Probe x4  
  126  13:51  Tempest  
  126  13:54  Pylon  
  127  13:57  High Templar x7  
  127  13:59  Assimilator  
  127  14:00  Probe  
  127  14:02  Probe x2  
  148  14:03  Photon Cannon  
  148  14:09  Photon Cannon  
  148  14:10  Tempest  
  148  14:13  Probe x3  
  148  14:14  Probe  
  155  14:28  Probe x4  
  159  14:34  High Templar x3  
  159  14:35  Zealot  
  167  14:44  Tempest  
  169  14:50  Archon  
  169  14:51  Zealot x4  
  175  15:00  Zealot  
  173  15:09  Zealot x3  
  173  15:29  Archon x3  
Tags
 
Add a new tag
Caveats
  • Supply blocks, unpowered buildings, or Contaminate may cause inaccurate times.
  • Supply counts are checked every 10 seconds.